 Dungeon Crawl Stone Soup version 0.30.0-20-g3615ddf2f0 (webtiles) character file.

Game seed: 12375290535052588963

2068 qw the Cleaver (level 9, -6/57 HPs)
             Began as a Gargoyle Fighter on May 30, 2023.
             Mangled by a wight
             ... wielding a +0 halberd
              (11 damage)
             ... on level 6 of the Dungeon.
             The game lasted 00:02:38 (5054 turns).

qw the Cleaver (Gargoyle Fighter)                   Turns: 5054, Time: 00:02:39

Health: -6/57      AC: 20    Str: 24    XL:     9   Next: 26%
Magic:  9/9        EV:  9    Int:  9    God:
Gold:   244        SH:  4    Dex:  9    Spells: 8/8 levels left

rFire   . . .        o - +0 broad axe (flame)
rCold   . . .        c - +0 buckler
rNeg    + . .        b - +0 scale mail
rPois   inf          l - +2 helmet
rElec   +            (no cloak)
rCorr   .            (no gloves)
SInv    .            (no boots)
Will    .....        (no amulet) Stlth
                     n - +4 ring of protection
HPRegen 0.29/turn    (no ring)
MPRegen 0.11/turn

%: no passive effects
@: about to teleport
A: sickness immunity, AC +6, negative energy resistance 1, electricity
resistance, torment resistance 1, petrification resistance
a: no special abilities


You were on level 6 of the Dungeon.
You visited 2 branches of the dungeon, and saw 7 of its levels.

You collected 363 gold pieces.
You spent 119 gold pieces at shops.


Innate Abilities, Weirdness & Mutations

You are immune to sickness and miasma.
Your stone body is resilient. (AC +6)
You are immune to poison.
You resist negative energy. (rN+)
You are resistant to electric shocks. (rElec)
You are resistant to unholy torment.
You are immune to petrification.


   Skills:
 - Level 7.1 Fighting
 + Level 9.0 Axes
 - Level 2.0 Throwing
 - Level 3.2 Armour
 - Level 1.0 Dodging
 - Level 4.5 Shields


You had 8 spell levels left.
You didn't know any spells.
Your spell library was empty.

Inventory:

Hand Weapons
 o - a +0 broad axe of flaming (weapon)
Armour
 b - a +0 scale mail (worn)
 c - a +0 buckler (worn)
 l - a +2 helmet (worn)
Jewellery
 n - a +4 ring of protection (left hand)
Scrolls
 g - a scroll of teleportation
 j - 2 scrolls of identify
Potions
 d - a potion of might
 h - a potion of experience {unknown}
 i - a potion of ambrosia {unknown}
 m - a potion of curing {unknown}
 p - a potion of lignification
 q - a potion of magic {unknown}

Dungeon Overview and Level Annotations

Branches:
Dungeon (6/15)             Temple (1/1) D:5

Altars:
Ashenzari
Cheibriados
Dithmenos
Elyvilon
Fedhas
Hepliaklqana
Kikubaaqudgha
Makhleb
Nemelex Xobeh
Qazlal
Trog
Uskayaw
Vehumet
Wu Jian
Yredelemnul

Shops:
D:5 (


Message History

The wight hits you but does no damage.
A wight comes into view. It is wielding a +4 spear.
You hit the centaur. You burn the centaur.
You kill the centaur!
The wight hits you but does no damage.
You hit the scorpion but do no damage. The scorpion stings you.
The wight hits you from afar with a +0 halberd.
You slash the scorpion! You burn the scorpion.
The scorpion is almost dead.
The scorpion stings you. The wight hits you but does no damage.
The scorpion stings you but does no damage.
You slash the scorpion! You burn the scorpion.
You kill the scorpion!
The wight barely misses you.
You slash the wight! You burn the wight.
The wight is heavily damaged.
The wight completely misses you.
You slash the wight! You burn the wight.
You destroy the wight!
You slash the wight! The wight hits you with a +2 mace.
The wight hits you but does no damage. You block the wight's attack.
The wight hits you but does no damage.
Your Fighting skill increases to level 7!
You barely miss the wight.
The wight is severely damaged.
The wight hits you but does no damage. The wight barely misses you.
You hit the wight but do no damage.
The wight is severely damaged.
The wight hits you but does no damage.
The wight hits you from afar with a +0 halberd!
5053 ||| READING 2 scrolls of teleportation.
As you read the scroll of teleportation, it crumbles to dust.
You feel strangely unstable. The wight barely misses you. x2
You barely miss the wight.
The wight is severely damaged.
The wight hits you but does no damage.
The wight hits you from afar with a +0 halberd!
You die...

...###........####..##....
....##.............##.....
....#.....................
....#..............###....
...##...........##.###....
....##%.........##........
..........#...#.##$....###
................)zzz##...#
.)..###..##.....@#........
).......>....#.#####......
).#..........#..# ..$...
#............# .. ....((
#.#........... ...cz.
#.#..##.#####. .....
#.#......# ..[....... ..#
..#


You could see 3 wights.

Vanquished Creatures
  Sigmund (D:3)
  Menkaure (D:5)
  2 black bears
  4 ogres
  2 centaurs
  A phantom (D:5)
  Blork the orc (D:5)
  2 scorpions (D:6)
  A wight (D:6)
  A howler monkey (D:5)
  4 hounds
  A jelly (D:6)
  2 gnoll boudas
  2 orc priests
  Ijyb (D:3)
  4 iguanas
  A sleepcap (D:5)
  3 orc wizards
  Robin (D:3)
  12 gnolls
  3 adders
  A white imp (D:5)
  An ufetubus (D:5)
  A worm (D:2)
  2 dart slugs (D:3)
  9 orcs
  8 ball pythons
  5 endoplasms
  4 giant cockroaches
  29 goblins
  8 hobgoblins
  8 quokkas
  5 bats
  2 frilled lizards (D:3)
  7 kobolds
  4 rats (D:1)
144 creatures vanquished.

Notes
Turn   | Place    | Note
-------+----------+-------------------------------------------
     0 | D:1      | qw the Gargoyle Fighter began the quest for the Orb.
     0 | D:1      | Reached XP level 1. HP: 14/14 MP: 1/1
     0 | D:1      | 0 ||| qw: Version: 0.2-a-102-g2b76a06
     0 | D:1      | 0 ||| qw: Game counter: 495
     0 | D:1      | 0 ||| qw: Always use a shield: true
     0 | D:1      | 0 ||| qw: God list: Okawaru
     0 | D:1      | 0 ||| qw: Allow faded altars: false
     0 | D:1      | 0 ||| qw: Do Orc after D:15 true
     0 | D:1      | 0 ||| qw: Do second Lair branch before Depths: true
     0 | D:1      | 0 ||| qw: Lair rune preference: random
     0 | D:1      | 0 ||| qw: Plans: Normal, Zot:1-4, Slime:5, God:TSO, Crypt,
                  | Tomb, Pan, Hells, Abyss, Win
     0 | D:1      | 0 ||| PLANNING D:1-11
     7 | D:1      | 7 ||| Stepping ~*~*~tactically~*~*~ (stealth).
    18 | D:1      | Reached skill level 2 in Axes
   159 | D:1      | Reached XP level 2. HP: 19/19 MP: 2/2
   211 | D:1      | 211 ||| Stepping ~*~*~tactically~*~*~ (stealth).
   222 | D:1      | 222 ||| Stepping ~*~*~tactically~*~*~ (stealth).
   335 | D:1      | 335 ||| Stepping ~*~*~tactically~*~*~ (hiding).
   495 | D:1      | Reached skill level 3 in Axes
   546 | D:1      | Reached XP level 3. HP: 23/23 MP: 3/3
   647 | D:1      | 647 ||| DROPPING orb of guile.
   648 | D:1      | 648 ||| UPGRADING to +4 ring of protection.
   649 | D:1      | 649 ||| READING scroll labelled QYPREM PUO.
   650 | D:1      | 650 ||| READING 2 scrolls labelled JOAD UHOGASTRU.
   651 | D:1      | 651 ||| READING scroll labelled GIKKITS MEMOVU.
   652 | D:1      | 652 ||| READING scroll labelled KUOSOATHUOVU.
   653 | D:1      | 653 ||| DRINKING 2 black potions.
   716 | D:2      | 716 ||| Stepping ~*~*~tactically~*~*~ (stealth).
   718 | D:2      | 718 ||| Stepping ~*~*~tactically~*~*~ (hiding).
   997 | D:2      | 997 ||| Stepping ~*~*~tactically~*~*~ (stealth).
  1081 | D:2      | 1081 ||| Stepping ~*~*~tactically~*~*~ (stealth).
  1083 | D:2      | 1083 ||| Stepping ~*~*~tactically~*~*~ (hiding).
  1143 | D:2      | 1143 ||| Stepping ~*~*~tactically~*~*~ (stealth).
  1499 | D:2      | 1499 ||| READING scroll labelled SAXTEMM YTSO.
  1504 | D:2      | 1504 ||| READING scroll labelled HAXTAVV ODAXABBA.
  1558 | D:3      | Noticed Sigmund
  1559 | D:3      | 1559 ||| Stepping ~*~*~tactically~*~*~ (hiding).
  1572 | D:3      | Killed Sigmund
  1573 | D:3      | Reached skill level 5 in Axes
  1573 | D:3      | Reached XP level 4. HP: 21/28 MP: 4/4
  1573 | D:3      | Reached XP level 5. HP: 24/32 MP: 5/5
  1580 | D:3      | Reached XP level 6. HP: 30/37 MP: 6/6
  1621 | D:3      | Found an ornate altar of the Wu Jian Council.
  1870 | D:3      | Noticed Robin
  1882 | D:3      | Killed Robin
  2185 | D:3      | 2185 ||| DROPPING +0 mace.
  2251 | D:3      | 2251 ||| DROPPING +1 whip of venom.
  2446 | D:3      | Reached skill level 1 in Dodging
  2454 | D:3      | 2454 ||| Stepping ~*~*~tactically~*~*~ (hiding).
  2637 | D:3      | Noticed Ijyb
  2643 | D:3      | Killed Ijyb
  2766 | D:3      | 2766 ||| UPGRADING to +0 helmet.
  2771 | D:3      | 2771 ||| READING 2 scrolls of enchant armour.
  2771 | D:3      | 2771 ||| ENCHANTING +0 helmet.
  2772 | D:3      | 2772 ||| READING scroll of enchant armour.
  2772 | D:3      | 2772 ||| ENCHANTING +1 helmet.
  2773 | D:3      | 2773 ||| DRINKING 2 bubbling yellow potions.
  2774 | D:3      | 2774 ||| DRINKING 2 golden potions.
  2775 | D:3      | 2775 ||| DRINKING 2 viscous white potions.
  2827 | D:3      | 2827 ||| DROPPING potion of flight.
  2828 | D:3      | 2828 ||| DROPPING potion of degeneration.
  2880 | D:4      | 2880 ||| STAIRDANCE
  2889 | D:3      | Reached skill level 6 in Axes
  2937 | D:4      | Reached XP level 7. HP: 37/43 MP: 7/7
  2945 | D:4      | HP: 8/43 [iguana (3)]
  2946 | D:4      | 2946 ||| READING 2 scrolls of teleportation.
  2947 | D:4      | 2947 ||| DRINKING potion of heal wounds.
  3035 | D:4      | 3035 ||| Stepping ~*~*~tactically~*~*~ (hiding).
  3111 | D:4      | 3111 ||| Stepping ~*~*~tactically~*~*~ (hiding).
  3113 | D:4      | 3113 ||| Stepping ~*~*~tactically~*~*~ (hiding).
  3210 | D:4      | Reached skill level 7 in Axes
  3238 | D:4      | Found a shadowy altar of Dithmenos.
  3278 | D:4      | 3278 ||| Stepping ~*~*~tactically~*~*~ (hiding).
  3648 | D:4      | 3648 ||| READING scroll labelled KOMIEME QEZYI.
  3649 | D:4      | 3649 ||| READING scroll labelled MAWAYC YWEDD.
  3650 | D:4      | 3650 ||| READING 2 scrolls of identify.
  3650 | D:4      | 3650 ||| IDENTIFYING murky silvery potion
  3651 | D:4      | 3651 ||| DROPPING potion of brilliance.
  3688 | D:5      | Entered Level 5 of the Dungeon
  3831 | D:5      | Found a blossoming altar of Fedhas.
  3919 | D:5      | Found Vonapteu's Hydra Hut.
  3924 | D:5      | Noticed a six-headed hydra
  3929 | D:5      | 3929 ||| BUYING +0 broad axe of flaming (119 gold).
  3929 | D:5      | Bought a +0 broad axe of flaming for 119 gold pieces
  3929 | D:5      | 3929 ||| SWAPPING to +0 broad axe of flaming.
  3930 | D:5      | 3930 ||| DROPPING +0 flail.
  3931 | D:5      | 3931 ||| DROPPING +0 war axe.
  3990 | D:5      | Noticed Menkaure
  3991 | D:5      | 3991 ||| Stepping ~*~*~tactically~*~*~ (hiding).
  3992 | D:5      | 3992 ||| Stepping ~*~*~tactically~*~*~ (hiding).
  3993 | D:5      | 3993 ||| Stepping ~*~*~tactically~*~*~ (hiding).
  3994 | D:5      | 3994 ||| Stepping ~*~*~tactically~*~*~ (hiding).
  4005 | D:5      | Killed Menkaure
  4006 | D:5      | Reached XP level 8. HP: 29/51 MP: 8/8
  4128 | D:5      | Found a staircase to the Ecumenical Temple.
  4129 | D:5      | 4129 ||| PLANNING TEMPLE
  4129 | D:5      | 4129 ||| DRINKING 2 bubbling red potions.
  4130 | D:5      | 4130 ||| DROPPING potion of invisibility.
  4137 | Temple   | Entered the Ecumenical Temple
  4159 | Temple   | 4159 ||| PLANNING D:1-11
  4166 | D:5      | Noticed Blork the orc
  4167 | D:5      | 4167 ||| Stepping ~*~*~tactically~*~*~ (stealth).
  4169 | D:5      | 4169 ||| Stepping ~*~*~tactically~*~*~ (hiding).
  4175 | D:5      | Killed Blork the orc
  4199 | D:5      | 4199 ||| Stepping ~*~*~tactically~*~*~ (stealth).
  4252 | D:5      | Reached skill level 8 in Axes
  4253 | D:5      | 4253 ||| FLEEEEING.
  4260 | D:5      | 4260 ||| FLEEEEING.
  4261 | D:5      | 4261 ||| FLEEEEING.
  4262 | D:5      | 4262 ||| FLEEEEING.
  4263 | D:5      | 4263 ||| FLEEEEING.
  4264 | D:5      | 4264 ||| FLEEEEING.
  4265 | D:5      | 4265 ||| FLEEEEING.
  4266 | D:5      | 4266 ||| FLEEEEING.
  4269 | D:5      | 4269 ||| FLEEEEING.
  4270 | D:5      | 4270 ||| FLEEEEING.
  4271 | D:5      | 4271 ||| FLEEEEING.
  4272 | D:5      | 4272 ||| FLEEEEING.
  4273 | D:5      | 4273 ||| FLEEEEING.
  4307 | D:5      | 4307 ||| Stepping ~*~*~tactically~*~*~ (hiding).
  4310 | D:5      | 4310 ||| Stepping ~*~*~tactically~*~*~ (hiding).
  4318 | D:5      | 4318 ||| Stepping ~*~*~tactically~*~*~ (stealth).
  4319 | D:5      | 4319 ||| Stepping ~*~*~tactically~*~*~ (stealth).
  4320 | D:5      | 4320 ||| Stepping ~*~*~tactically~*~*~ (stealth).
  4325 | D:5      | Reached skill level 6 in Fighting
  4939 | D:6      | 4939 ||| Stepping ~*~*~tactically~*~*~ (stealth).
  4956 | D:6      | Reached skill level 9 in Axes
  4956 | D:6      | Reached XP level 9. HP: 54/55 MP: 9/9
  5031 | D:6      | 5031 ||| Stepping ~*~*~tactically~*~*~ (stealth).
  5032 | D:6      | 5032 ||| Stepping ~*~*~tactically~*~*~ (stealth).
  5035 | D:6      | 5035 ||| Stepping ~*~*~tactically~*~*~ (hiding).
  5052 | D:6      | HP: 5/57 [wight/+0 halberd (12)]
  5053 | D:6      | 5053 ||| READING 2 scrolls of teleportation.
  5054 | D:6      | Mangled by a wight

Levels and vault maps discovered:
D:1:      sevenhm_arrival_forest_fort_small_6, layout_rooms, minmay_octomino_c4
D:2:      kennysheep_the_goblin_king, layout_loops_cross
D:3:      minmay_bubble_buster, layout_basic, nzn_wu_jian_council_hall,
          uniq_ijyb, uniq_sigmund, uniq_robin
D:4:      layout_gridville, mainiacjoe_overflow_paths, nicolae_goblin_pals
D:5:      layout_basic, fedhas_altar_decomposition, minmay_temple_entry_wispy,
          serial_corexii_hall, chequers_hall_statues_wall_a,
          corexii_hall_statues_l, chequers_hall_statues_corner_a,
          corexii_hall_statues_i, doesnt_shop_hydraphobe, uniq_menkaure,
          uniq_blork_the_orc
D:6:      layout_rooms, grunt_gozag_breadcrumbs, lexackson_kobold_supper
Temple:   hellmonk_temple_two_chambers

Skill      XL: |  1  2  3  4  5  6  7  8  9 |
---------------+----------------------------+-----
Axes           | 2 3 5 6 7 9 |  9.0
Fighting       | 4 5 6 7 |  7.1
Dodging        | 1 |  1.0
Throwing       | 2 |  2.0
Shields        | 4 |  4.5
Armour         | |  3.2

Action                     |  1- 3 |  4- 6 |  7- 9 || total
---------------------------+-------+-------+-------++-------
  Melee: War axe           |   120 |   118 |    65 ||   303
         Broad axe         |       |       |   108 ||   108
  Throw: Javelin           |       |       |    21 ||    21
    Use: Scroll            |     6 |     2 |     5 ||    13
         Potion            |     1 |     3 |     2 ||     6
 Armour: Scale mail        |    53 |    87 |   127 ||   267
  Dodge: Dodged            |    43 |    80 |    90 ||   213
  Block: Buckler           |    20 |    22 |    33 ||    75

Table legend:
 A = Non-vault XP
 B = Vault XP
 C = Vault XP percentage of total XP
 D = Non-vault monster count
 E = Vault monster count
 F = Vault count percentage of total count
                 A         B        C        D         E       F
            +---------+---------+-------+---------+---------+-------
      Total |    2307 |     648 |  21.9 |      98 |      46 |  31.9
            +---------+---------+-------+---------+---------+-------
        D:1 |      22 |      12 |  35.3 |      14 |       7 |  33.3
        D:2 |      29 |      14 |  32.6 |      14 |       7 |  33.3
        D:3 |     117 |     340 |  74.4 |      14 |      25 |  64.1
        D:4 |     379 |      10 |   2.6 |      26 |       5 |  16.1
        D:5 |     965 |     272 |  22.0 |      15 |       2 |  11.8
        D:6 |     795 |       0 |   0.0 |      15 |       0 |   0.0
            +---------+---------+-------+---------+---------+-------
